Map: [ESL] Goldenaura

Players

Coffee - Winner!

  • Race: Terran Terran
  • Spawn Location: 5:00

Cyan

  • Race: Protoss Protoss
  • Spawn Location: 12:00

Event: ESL SC2 Masters 2024 Spring (Regional)

VOD

Have the link to the VOD?

Description

Time

  • Played on: April 26, 2024, 9:29 a.m.
  • Length: 9:48

All games in this series

Show
View Real Time Build Order
Export as new Build Order

Coffee Terran - Winner!

Build Orders:  

Get SALT Encoding   

  12  0:00  SCV  
  13  0:12  SCV  
  14  0:17  Supply Depot  
  14  0:24  SCV  
  15  0:38  SCV  
  15  0:40  Barracks  
  16  0:43  Refinery  
  16  0:51  SCV  
  17  1:03  SCV  
  18  1:15  SCV  
  19  1:26  Marine  
  19  1:27  Orbital Command  
  20  1:41  Command Center  
  20  1:50  Barracks Reactor  
  20  1:54  SCV  
  20  1:56  Supply Depot  
  21  2:06  SCV  
  22  2:08  Factory  
  22  2:14  Refinery  
  22  2:18  SCV  
  23  2:26  Marine x2  
  25  2:30  SCV  
  26  2:42  SCV  
  27  2:44  Marine x2  
  29  2:52  Widow Mine, Starport  
  29  2:55  Orbital Command  
  29  2:58  SCV  
  32  3:04  Marine x2  
  34  3:10  SCV  
  35  3:15  Widow Mine  
  35  3:19  Orbital Command  
  37  3:22  SCV  
  37  3:23  Marine x2  
  37  3:24  Supply Depot  
  40  3:28  Medivac  
  42  3:34  SCV  
  42  3:40  Factory Tech Lab  
  43  3:43  Marine x2  
  43  3:45  SCV  
  43  3:46  SCV  
  43  3:48  Supply Depot  
  47  3:57  SCV  
  47  3:58  SCV, Supply Depot  
  47  4:00  Siege Tank  
  52  4:06  Marine x2  
  52  4:09  Liberator  
  57  4:13  SCV x2  
  58  4:21  Supply Depot  
  58  4:25  SCV, Marine  
  58  4:26  SCV, Marine  
  62  4:32  Siege Tank  
  62  4:38  SCV x2  
  67  4:40  Barracks  
  67  4:45  Marine x2  
  68  4:52  SCV x2  
  71  4:53  Barracks  
  71  4:54  Starport Tech Lab  
  71  5:00  Engineering Bay, Refinery  
  71  5:02  Supply Depot  
  71  5:05  Supply Depot  
  71  5:07  Marine x2  
  71  5:10  Siege Tank  
  77  5:14  SCV x2  
  77  5:18  Supply Depot  
  78  5:24  Marine  
  78  5:25  Marine  
  78  5:26  SCV, Starport Reactor  
  78  5:27  Terran Infantry Weapons Level 1  
  79  5:39  Stimpack  
  79  5:40  SCV x2  
  79  5:43  Marine  
  79  5:44  Marine  
  79  5:47  Barracks Tech Lab  
  74  5:59  Siege Tank, Marauder  
  74  6:00  SCV  
  74  6:01  Marine x2  
  80  6:06  Marauder  
  80  6:08  Refinery  
  80  6:09  Supply Depot  
  79  6:13  SCV x2  
  81  6:25  Marauder  
  77  6:27  Marine x2  
  70  6:33  SCV, Marauder  
  70  6:34  SCV, Siege Tank  
  70  6:37  Combat Shield  
  71  6:45  Marine x2  
  71  6:46  Marauder  
  75  6:53  Barracks x2  
  75  6:56  Medivac x2  
  79  7:03  Marine  
  79  7:04  Marine  
  79  7:06  Marine  
  79  7:07  Marine  
  83  7:09  Siege Tank  
  86  7:21  Marine x2  
  88  7:24  Marauder, Concussive Shells  
  88  7:26  Marauder  
  88  7:29  SCV  
  94  7:30  SCV  
  94  7:35  Medivac x2  
  98  7:39  Marine x2  
  98  7:42  SCV x2  
  98  7:43  Marine x2  
  102  7:52  Marauder x2  
  102  7:54  SCV x2  
  106  8:18  Marine  
  97  8:23  Marauder  
  97  8:24  Marauder  
  83  8:29  Marine  
  82  8:34  Marine x2  
  82  8:38  Marine  
  82  8:39  SCV x2  
  82  8:45  Marauder  
Show
View Real Time Build Order
Export as new Build Order

Cyan Protoss 

Build Orders: 1 Gate Expand, Blink Stalkers 

Get SALT Encoding   

  12  0:00  Probe  
  13  0:12  Probe  
  14  0:17  Pylon  
  14  0:24  Probe (Chrono Boost)  
  15  0:37  Probe (Chrono Boost)  
  15  0:38  Gateway  
  16  0:45  Probe (Chrono Boost)  
  16  0:47  Assimilator  
  17  0:51  Probe  
  18  1:03  Probe  
  19  1:15  Probe  
  20  1:25  Cybernetics Core  
  20  1:33  Nexus  
  20  1:36  Probe  
  21  1:42  Pylon  
  21  1:48  Probe  
  21  1:53  Assimilator  
  21  1:59  Adept (Chrono Boost)  
  21  2:00  Probe  
  22  2:02  Warp Gate  
  24  2:12  Probe (Chrono Boost)  
  25  2:24  Probe (Chrono Boost)  
  25  2:26  Twilight Council  
  26  2:31  Probe (Chrono Boost)  
  26  2:33  Stalker  
  29  2:39  Probe  
  29  2:44  Gateway  
  30  2:46  Probe  
  30  2:51  Probe  
  32  2:56  Blink (Chrono Boost)  
  32  2:58  Probe  
  32  3:03  Probe  
  34  3:10  Probe  
  35  3:15  Probe  
  35  3:16  Gateway  
  35  3:19  Shield Battery  
  36  3:21  Sentry  
  36  3:25  Probe  
  39  3:27  Probe  
  39  3:33  Pylon  
  40  3:37  Probe  
  40  3:39  Probe  
  42  3:46  Robotics Facility  
  42  3:49  Probe  
  42  3:51  Stalker  
  45  3:56  Stalker  
  45  3:58  Probe  
  45  4:00  Pylon  
  45  4:01  Probe  
  49  4:10  Probe  
  49  4:14  Probe  
  51  4:17  Nexus  
  51  4:22  Pylon, Probe  
  52  4:26  Stalker  
  52  4:27  Probe  
  52  4:30  Assimilator  
  55  4:33  Stalker  
  55  4:35  Probe  
  55  4:36  Observer  
  59  4:39  Probe  
  60  4:48  Pylon, Probe  
  60  4:49  Pylon  
  61  4:54  Probe  
  61  4:57  Stalker x2  
  61  4:59  Shield Battery  
  66  5:03  Observer  
  66  5:04  Probe  
  66  5:06  Stalker  
  70  5:08  Probe  
  71  5:14  Gateway  
  71  5:15  Forge  
  73  5:22  Pylon  
  73  5:24  Immortal (Chrono Boost)  
  71  5:35  Stalker  
  71  5:40  Stalker  
  72  5:47  Stalker  
  55  5:59  Stalker  
  55  6:00  Probe  
  55  6:05  Stalker  
  55  6:09  Stalker  
  58  6:15  Probe  
  57  6:25  Stalker  
  57  6:26  Probe  
  57  6:32  Protoss Ground Armor Level 1 (Chrono Boost)  
  56  6:35  Probe (Chrono Boost)  
  56  6:38  Probe (Chrono Boost)  
  58  6:40  Nexus  
  58  6:41  Pylon  
  59  6:47  Probe (Chrono Boost)  
  59  6:49  Warp Prism  
  59  6:50  Probe (Chrono Boost)  
  62  6:55  Probe (Chrono Boost)  
  62  6:56  Probe (Chrono Boost)  
  64  7:01  Probe  
  64  7:04  Gateway  
  64  7:05  Probe  
  64  7:06  Gateway  
  66  7:09  Sentry x2, Zealot  
  72  7:16  Gateway  
  72  7:19  Gateway  
  72  7:25  Pylon  
  72  7:26  Shield Battery  
  72  7:30  Immortal (Chrono Boost)  
  76  7:42  Sentry, Zealot x2  
  80  7:55  Zealot  
  82  8:05  Charge  
  82  8:06  Zealot x3  
  82  8:07  Zealot  
  82  8:12  Stalker x2  
  94  8:24  Zealot x2  
  82  8:31  Stalker x3  
Tags
 
Add a new tag
Caveats
  • Supply blocks, unpowered buildings, or Contaminate may cause inaccurate times.
  • Supply counts are checked every 10 seconds.